 Dungeon Crawl Stone Soup version 0.31.0-32-g396128a36d (webtiles) character file.

Game seed: 7272752793061394003

8730 Tovical the Basher (level 11, -3/64 HPs)
             Began as a Gargoyle Fighter on Mar 19, 2024.
             Was an Elder of Okawaru.
             Slain by a komodo dragon (7 damage)
             ... on level 1 of the Lair of Beasts on Mar 21, 2024.
             The game lasted 00:27:39 (7931 turns).

Tovical the Basher (Gargoyle Fighter)               Turns: 7931, Time: 00:27:39

Health: -3/64      AC: 22    Str: 25    XL:     11   Next: 35%
Magic:  10/11      EV: 11    Int:  8    God:    Okawaru [****..]
Gold:   341        SH:  5    Dex:  9    Spells: 10/10 levels left

rFire   . . .        a - +1 dire flail
rCold   + . .        (shield currently unavailable)
rNeg    + . .        j - +2 scale mail {rC+}
rPois   ∞            d - +2 hat
rElec   +            (no cloak)
rCorr   .            i - +0 pair of gloves
SInv    .            (no boots)
Will    .....        x - amulet of reflection
Stlth   +            (no ring)
HPRegen 0.30/turn    (no ring)
MPRegen 0.12/turn

%: reflection
@: heroic
A: sickness immunity, AC +8, negative energy resistance 1, electricity
resistance, torment resistance 1, petrification resistance
a: Renounce Religion, Heroism, Finesse


You were on level 1 of the Lair of Beasts.
You worshipped Okawaru.
Okawaru was greatly pleased with you.
You visited 3 branches of the dungeon, and saw 12 of its levels.

You collected 462 gold pieces.
You spent 121 gold pieces at shops.

Inventory:

Hand Weapons
 a - a +1 dire flail (weapon)
 b - a +0 mace of holy wrath
 y - a +3 mace of protection
Missiles
 f - 8 boomerangs (quivered)
 m - 19 poisoned darts
 v - a throwing net
 B - 2 javelins
Armour
 d - a +2 hat (worn)
 i - a +0 pair of gloves (worn)
 j - a +2 scale mail of cold resistance (worn)
 t - a +0 troll leather armour
Jewellery
 x - an amulet of reflection (around neck)
Wands
 c - a wand of roots (9)
 s - a wand of polymorph (12)
Scrolls
 k - a scroll of teleportation
 n - 2 scrolls of revelation
 A - a scroll of vulnerability
Potions
 e - 2 potions of ambrosia
 h - 10 potions of curing
 l - 2 potions of enlightenment
 o - a potion of mutation
 p - a potion of invisibility
 q - 3 potions of heal wounds
 r - a potion of haste
 u - a potion of brilliance
 w - a potion of might
 z - a potion of degeneration {unknown}


   Skills:
 + Level 6.0(11.0) Fighting
 - Level 14.0(19.0) Maces & Flails
 + Level 7.3(12.3) Throwing
 + Level 6.0(11.0) Armour
 - Level 3.2(8.2) Shields


You had 10 spell levels left.
You didn't know any spells.
Your spell library contained the following spells:

 Spells                   Type           Power      Damage    Failure   Level
 Kiss of Death            Conj/Necr      0%         2d5       65%         1
 Magic Dart               Conj           0%         1d3       65%         1
 Blink                    Tloc           0%         N/A       78%         2
 Lesser Beckoning         Tloc           0%         N/A       78%         2
 Mercury Vapours          Alch/Air       0%         N/A       78%         2
 Momentum Strike          Conj/Tloc      0%         3d8       78%         2
 Confusing Touch          Hex            0%         N/A       95%         3
 Mephitic Cloud           Conj/Alch/Air  0%         N/A       95%         3
 Stone Arrow              Conj/Erth      0%         3d7       95%         3
 Anguish                  Hex/Necr       0%         N/A       100%        4
 Cause Fear               Hex            0%         N/A       100%        4
 Dispel Undead            Necr           0%         3d6       100%        4
 Freezing Cloud           Conj/Ice/Air   0%         6-21      100%        5
 Enfeeble                 Hex            0%         N/A       100%        7
 Lehudib's Crystal Spear  Conj/Erth      0%         10d2      100%        8
 Call Imp                 Summ           Unusable   N/A       N/A         2
 Animate Armour           Summ/Erth      Unusable   N/A       N/A         4

Dungeon Overview and Level Annotations

Branches:
Dungeon (9/15)             Temple (1/1) D:4            Lair (2/5) D:8
  Swamp: Lair:2-3    Shoals: Lair:2-3     Snake: Lair:2-3    Spider: Lair:2-3
    Orc: D:9-12

Altars:
Ashenzari
Cheibriados
Elyvilon
Fedhas
Gozag
Hepliaklqana
Kikubaaqudgha
Nemelex Xobeh
Okawaru
Qazlal
Ru
Sif Muna
Trog
Uskayaw
Vehumet
Wu Jian
Xom
Yredelemnul
Zin
The Shining One

Shops:
D:3 *   D:4 !

Annotations:
D:7 2 transporters, PaiMei's ghost, novice DsNe
D:8 1 runed translucent door, Fractals's ghost, novice HOBe


Innate Abilities, Weirdness & Mutations

You are immune to sickness and miasma.
Your stone body is resilient. (AC +8)
You are immune to poison.
You resist negative energy. (rN+)
You are resistant to electric shocks. (rElec)
You are resistant to unholy torment.
You are immune to petrification.


Message History

Your Armour skill increases to level 6!
No target in view!
No target in view!
No target in view!
You start resting.
Magic restored.
You start resting.
HP restored.
You see here a yak corpse.
Found 2 javelins.
l - 2 potions of enlightenment (gained 1)
A komodo dragon comes into view.
The komodo dragon hisses angrily.
You see here 2 javelins.
B - 2 javelins You gain the combat prowess of a mighty hero.
You can no longer enter into single combat with a foe.
Okawaru will no longer gift you throwing weapons.
A black mamba comes into view.
The black mamba hisses angrily.
You hit the komodo dragon but do no damage.
The komodo dragon bites you!
You barely miss the komodo dragon. The komodo dragon bites you!
You barely miss the komodo dragon. You closely miss the komodo dragon.
You block the komodo dragon's attack.
You bludgeon the komodo dragon!!
The komodo dragon is heavily wounded.
You hit the komodo dragon.
The komodo dragon is heavily wounded.
The black mamba bites you but does no damage.
The komodo dragon bites you but does no damage.
You hit the komodo dragon.
The komodo dragon is severely wounded.
The black mamba bites you! The komodo dragon bites you!!
* * * LOW HITPOINT WARNING * * *
As you read the scroll of fear, it crumbles to dust.
You assume a fearsome visage.
The komodo dragon resists with some effort.
The black mamba looks frightened!
The komodo dragon bites you!
You die...

##....#####.... ~P~....
.#......####...# ~~~....
.##............# ~~PP...
.##.........#### ~~~P...
.##.........##
~~P.S..#.#####.......#
P~PP.....# ##.....##
~~~P...l.######......#
##...@###.#........#
#.................####
.......................#
.......................#
......######.##........#
###.## ########....# ##
##...# #...# #...#


You could see a komodo dragon and a black mamba (fleeing).

Vanquished Creatures
  The ghost of HanshermHop the Firebug, a novice DrFE of Vehumet (D:5)
  5 cane toads (Lair:1)
  A troll (D:5)
  Prince Ribbit (D:7)
  A hornet (D:8)
  Sigmund (D:3)
  2 wyverns (D:7)
  9 yaks (Lair:1)
  2 basilisks (Lair:1)
  2 water moccasins
  5 ice beasts
  2 orc warriors (D:8)
  2 black bears
  An ogre (D:4)
  4 wolves (Lair:1)
  5 centaurs
  2 phantoms (D:6)
  Blork the orc (D:4)
  4 bullfrogs (Lair:1)
  A kobold brigand (D:6)
  2 gnoll sergeants
  5 scorpions
  5 wights
  A howler monkey (D:4)
  3 jellies
  4 hounds
  3 bombardier beetles
  5 orc priests
  A gnoll bouda (D:7)
  4 iguanas
  6 orc wizards
  23 gnolls
  4 adders
  A shadow imp (D:7)
  5 white imps
  6 ufetubi
  2 dart slugs
  2 ribbon worms
  21 orcs
  6 endoplasms
  A giant cockroach (D:1)
  9 goblins
  6 hobgoblins
  A quokka (D:5)
  2 ball pythons
  4 bats
  7 frilled lizards
  8 kobolds
  8 rats
207 creatures vanquished.

Notes
Turn   | Place    | Note
-------+----------+-------------------------------------------
     0 | D:1      | Tovical the Gargoyle Fighter began the quest for the Orb.
     0 | D:1      | Reached XP level 1. HP: 14/14 MP: 1/1
    38 | D:1      | You fall into a shaft and drop 1 floor!
   123 | D:2      | Reached skill level 3 in Maces & Flails
   123 | D:2      | Reached XP level 2. HP: 19/19 MP: 2/2
   185 | D:1      | Reached XP level 3. HP: 23/23 MP: 3/3
   693 | D:2      | Found a faded altar of an unknown god.
   706 | D:2      | Got Plato's Papyrus of Injury
   731 | D:2      | Reached skill level 4 in Maces & Flails
   731 | D:2      | Reached skill level 1 in Throwing
   731 | D:2      | Reached XP level 4. HP: 28/28 MP: 4/4
  1252 | D:3      | Found Itump's Assorted Antiques.
  1254 | D:3      | Noticed an ice beast
  1310 | D:2      | Reached XP level 5. HP: 25/32 MP: 5/5
  1434 | D:2      | Killed an ice beast
  1435 | D:2      | Reached skill level 5 in Maces & Flails
  1435 | D:2      | Reached XP level 6. HP: 37/37 MP: 6/6
  1521 | D:3      | Identified the +2 pair of boots "Ikoibirch" {rN+ Will-
                  | Str+5}
  1771 | D:3      | Noticed Sigmund
  1779 | D:3      | Killed Sigmund
  1780 | D:3      | Reached XP level 7. HP: 41/41 MP: 7/7
  1905 | D:3      | Found a snail-covered altar of Cheibriados.
  1905 | D:3      | Found an opulent altar of Gozag.
  2063 | D:5      | Entered Level 5 of the Dungeon
  2111 | D:5      | Found a runed translucent door.
  2178 | D:4      | Noticed Blork the orc
  2201 | D:4      | Killed Blork the orc
  2202 | D:4      | Reached skill level 6 in Maces & Flails
  2278 | D:4      | Found Teawomag's Distillery.
  2281 | D:4      | Bought 2 potions of curing for 66 gold pieces
  2281 | D:4      | Bought a potion of heal wounds for 55 gold pieces
  2311 | D:4      | Found a staircase to the Ecumenical Temple.
  2330 | Temple   | Entered the Ecumenical Temple
  2362 | Temple   | Became a worshipper of Warmaster Okawaru
  2716 | D:4      | Reached skill level 5 in Throwing
  2716 | D:4      | Reached XP level 8. HP: 40/46 MP: 8/8
  2842 | D:4      | Reached skill level 7 in Maces & Flails
  2945 | D:5      | Noticed HanshermHop's ghost (novice DrFE)
  2991 | D:5      | Killed HanshermHop's ghost
  2991 | D:5      | Reached * piety under Okawaru
  2992 | D:5      | Reached skill level 8 in Maces & Flails
  3317 | D:5      | Reached ** piety under Okawaru
  3374 | D:5      | Reached skill level 9 in Maces & Flails
  3374 | D:5      | Reached XP level 9. HP: 51/51 MP: 9/9
  3955 | D:5      | Noticed a troll
  4172 | D:5      | Killed a troll
  4173 | D:5      | Reached skill level 10 in Maces & Flails
  4512 | D:6      | Identified the +0 scale mail of Fyoraeh {*Slow rN++ Dex+3}
  4625 | D:6      | Reached skill level 11 in Maces & Flails
  5012 | D:6      | Reached *** piety under Okawaru
  5338 | D:7      | Noticed a deep elf pyromancer
  5340 | D:7      | Noticed PaiMei's ghost (novice DsNe)
  5344 | D:7      | Found a transporter.
  5388 | D:7      | Reached skill level 12 in Maces & Flails
  5537 | D:7      | Reached XP level 10. HP: 56/56 MP: 7/10
  5884 | D:7      | Noticed Prince Ribbit
  5901 | D:7      | Killed Prince Ribbit
  5902 | D:7      | Reached skill level 13 in Maces & Flails
  6042 | D:7      | Found a transporter.
  6606 | D:8      | Found a runed translucent door.
  6606 | D:8      | Noticed Fractals's ghost (novice HOBe)
  6653 | D:8      | Found a stormy altar of Qazlal.
  6662 | D:8      | Found a staircase to the Lair.
  6707 | D:8      | Reached **** piety under Okawaru
  7067 | Lair:1   | Entered Level 1 of the Lair of Beasts
  7118 | Lair:1   | Noticed a cane toad
  7126 | Lair:1   | Reached skill level 14 in Maces & Flails
  7135 | Lair:1   | Killed a cane toad
  7168 | Lair:1   | Noticed a cane toad
  7179 | Lair:1   | Killed a cane toad
  7271 | Lair:2   | Noticed a cane toad
  7283 | Lair:1   | Killed a cane toad
  7284 | Lair:1   | Reached XP level 11. HP: 33/62 MP: 11/11
  7427 | Lair:1   | Reached ***** piety under Okawaru
  7428 | Lair:1   | Reached skill level 5 in Fighting
  7428 | Lair:1   | Reached skill level 5 in Armour
  7629 | Lair:1   | Received a gift from Okawaru
  7931 | Lair:1   | Slain by a komodo dragon

Illustrated notes

Levels and vault maps discovered:
D:1:      giann_bridges, layout_rooms
D:2:      layout_basic, shapermc_ecumenical_altar_rom_forum,
          serial_bayou_lagoon_b
D:3:      layout_basic, gammafunk_temple_overflow_elements, serial_shops, shop,
          uniq_sigmund
D:4:      layout_gridville, minmay_temple_entry_offerings, serial_shops,
          kennysheep_mini_moat, uniq_blork_the_orc
D:5:      minmay_chambers_of_fours, layout_basic, ebering_ghost_sewer_d,
          kennysheep_generic_room_3
D:6:      cheibrodos_fzero, layout_loops_cross
D:7:      layout_basic, gammafunk_ghost_arena, uniq_prince_ribbit1
D:8:      layout_rooms, grunt_qazlal_clouds, lair_entry_dummy,
          hellmonk_ghost_happy_afterlife, enter_bailey_5
D:9:      layout_rooms, gammafunk_ghost_ooze, nrook_uturn, uniq_harold
Temple:   bh_familiar_temple
Lair:1:   layout_cellular_growth, serial_bayou_ford_a, grunt_megastairs_3,
          serial_bayou_shore_a
Lair:2:   layout_hall_layers, nzn_ghost_randoct, nicolae_lair_lakeside_cave,
          uniq_amaemon

Skill      XL: |  1  2  3  4  5  6  7  8  9 10 11 |
---------------+----------------------------------+-----
Maces & Flails | 3 4 5 6 9 12 14 | 14.0
Throwing       | 1 2 3 5 6 7 |  7.3
Fighting       | 4 6 |  6.0
Armour         | 4 6 |  6.0
Shields        | |  3.2

Action                     |  1- 3 |  4- 6 |  7- 9 | 10-12 || total
---------------------------+-------+-------+-------+-------++-------
  Melee: Flail             |    57 |       |       |       ||    57
         Mace              |    24 |    85 |   256 |       ||   365
         Dire flail        |       |       |   154 |   315 ||   469
  Throw: Dart              |       |       |     3 |       ||     3
         Boomerang         |       |       |       |     7 ||     7
 Invoke: Heroism           |       |       |     2 |     5 ||     7
  Evoke: Wand              |       |       |     1 |       ||     1
    Use: Potion            |       |     1 |       |     1 ||     2
         Scroll            |       |       |    19 |     3 ||    22
 Armour: Scale mail        |    57 |    76 |   268 |   175 ||   576
  Dodge: Dodged            |    39 |    21 |   167 |   116 ||   343
  Block: Buckler           |    14 |     4 |       |       ||    18
         Kite shield       |       |    24 |   111 |       ||   135
         Other             |       |       |       |    29 ||    29
